 Dungeon Crawl Stone Soup version 0.29-a0-284-gf9362112df (webtiles) character file.

Game seed: 1094204533457848877

230 Dvallin the Bolt Thrower (level 6, -1/44 HPs)
             Began as a Formicid Hunter on Mar 24, 2022.
             Was a Follower of Okawaru.
             Slain by a black bear (5 damage)
             ... on level 4 of the Dungeon.
             The game lasted 00:06:19 (2637 turns).

Dvallin the Bolt Thrower (Formicid Hunter)          Turns: 2637, Time: 00:06:19

Health: -1/44      AC:  6    Str: 18    XL:     6   Next: 24%
Magic:  6/8        EV: 13    Int:  8    God:    Okawaru [*.....]
Gold:   186        SH:  7    Dex: 14    Spells: 5/5 levels left

rFire   + . .      SeeInvis +   a - +1 hand crossbow
rCold   . . .      Faith    .   s - +2 buckler
rNeg    . . .      Spirit   .   n - +0 ring mail
rPois   .          Reflect  .   (helmet unavailable)
rElec   .          Harm     .   (no cloak)
rCorr   .          Rampage  .   (no gloves)
Will    .....                   (no boots)
Stlth   +++.......              (no amulet)
HPRegen 0.14/turn               g - ring of protection from fire
MPRegen 0.11/turn               (no ring)

@: heroic
A: permanent stasis, dig shafts and tunnels, antennae 3, four strong arms
a: Dig, Shaft Self, Renounce Religion, Heroism


You were on level 4 of the Dungeon.
You worshipped Okawaru.
Okawaru was aware of your devotion.
You visited 1 branch of the dungeon, and saw 4 of its levels.

You collected 186 gold pieces.

Inventory:

Hand Weapons
 a - a +1 hand crossbow (weapon)
Armour
 b - a +0 leather armour
 n - a +0 ring mail (worn)
 s - a +2 buckler (worn)
Jewellery
 g - a ring of protection from fire (left hand)
Wands
 t - a wand of polymorph (2)
Scrolls
 c - a scroll of immolation
 d - 4 scrolls of teleportation {unknown}
 i - 3 scrolls of identify {unknown}
 j - 2 scrolls of amnesia {unknown}
 k - a scroll of vulnerability {unknown}
 o - a scroll of brand weapon {unknown}
 p - a scroll of torment {unknown}
 q - a scroll of magic mapping {unknown}
Potions
 f - a potion of haste {unknown}
 h - 2 potions of flight
 l - a potion of heal wounds
 m - 2 potions of degeneration {unknown}
 r - a potion of resistance {unknown}


   Skills:
 - Level 2.1(7.1) Fighting
 * Level 6.5(11.5) Crossbows
 - Level 1.7(6.7) Dodging
 - Level 1.2(6.2) Stealth
 + Level 2.9 Invocations


You had 5 spell levels left.
You didn't know any spells.
Your spell library contained the following spells:

 Spells                   Type           Power      Damage    Failure   Level
 Freezing Cloud           Conj/Ice/Air   0%         6-21      100%        5
 Polar Vortex             Ice            0%         N/A       100%        9
 Simulacrum               Ice/Necr       Unusable   N/A       N/A         6

Dungeon Overview and Level Annotations

Branches:
Dungeon (4/15)
 Temple: D:4-7

Altars:
Okawaru


Innate Abilities, Weirdness & Mutations

You cannot be hasted, slowed, berserked, paralysed or teleported.
You can dig through walls and to a lower floor.
You have a pair of large antennae on your head. (SInv)
Your four strong arms can wield two-handed weapons with a shield.


Message History

Unknown command.
Shoot: a) +1 hand crossbow
Press: ? - help, Q - select action, (/) - cycle Shift-Dir - straight line, f/p - black bear
Aim: a black bear (moderately wounded, 75% to hit)
You shoot a bolt. The bolt closely misses the black bear.
The black bear bites you.
The black bear claws you but does no damage.
You block the black bear's attack.
Shoot: a) +1 hand crossbow
Press: ? - help, Q - select action, (/) - cycle Shift-Dir - straight line, f/p - black bear
Aim: a black bear (moderately wounded, 75% to hit)
You shoot a bolt. The bolt hits the black bear.
The black bear is heavily wounded.
The black bear bites you.
* * * LOW HITPOINT WARNING * * *
The black bear claws you.
* * * LOW HITPOINT WARNING * * *
The black bear closely misses you. x2; You block the black bear's attack.
The black bear closely misses you.
Shoot: a) +1 hand crossbow
Press: ? - help, Q - select action, (/) - cycle Shift-Dir - straight line, f/p - black bear
Aim: a black bear (heavily wounded, 75% to hit)
You shoot a bolt. The bolt hits the black bear!
The black bear is almost dead.
The black bear goes berserk!
Shoot: a) +1 hand crossbow
Press: ? - help, Q - select action, (/) - cycle Shift-Dir - straight line, f/p - black bear
Aim: a black bear (severely wounded, berserk, 75% to hit)
You shoot a bolt. The bolt closely misses the black bear.
The black bear bites you.
* * * LOW HITPOINT WARNING * * *
The black bear claws you but does no damage.
The black bear barely misses you.
Shoot: a) +1 hand crossbow
Press: ? - help, Q - select action, (/) - cycle Shift-Dir - straight line, f/p - black bear
Aim: a black bear (severely wounded, berserk, 75% to hit)
You shoot a bolt. The bolt hits the black bear.
The black bear is almost dead.
The black bear bites you.
You die...

##..### ....... .......
....... ....... ##[....##
#........ . #.# #...###@####
.......h...# #...###.##.# .#
# ## #.##.##>### #.
#.........# #..
###.......###...##
##...##..........
#############........[.......
#...<...#....................


You could see a black bear (berserk).

Vanquished Creatures
  A scorpion (D:4)
  Jessica (D:3)
  5 adders
  A white imp (D:4)
  An ufetubus (D:4)
  2 worms
  3 dart slugs
  13 ball pythons
  7 endoplasms
  3 giant cockroaches
  10 goblins
  9 hobgoblins
  3 quokkas
  2 bats (D:3)
  2 frilled lizards
  5 kobolds
  8 rats
76 creatures vanquished.

Notes
Turn   | Place    | Note
-------+----------+-------------------------------------------
     0 | D:1      | Dvallin the Formicid Hunter began the quest for the Orb.
     0 | D:1      | Reached XP level 1. HP: 16/16 MP: 1/1
    56 | D:1      | Reached XP level 2. HP: 22/22 MP: 2/2
   350 | D:1      | Found a faded altar of an unknown god.
   358 | D:1      | Prayed at the altar of an unknown god.
   358 | D:1      | Became a worshipper of Warmaster Okawaru
   358 | D:1      | Reached * piety under Okawaru
   387 | D:1      | Reached XP level 3. HP: 27/27 MP: 3/3
   498 | D:1      | Reached skill level 5 in Crossbows
   856 | D:2      | You fall into a shaft and drop 2 floors!
   870 | D:4      | Reached XP level 4. HP: 33/33 MP: 4/4
  1056 | D:2      | Reached skill level 1 in Invocations
  1204 | D:2      | Identified the +6 quarterstaff of Articulation {vorpal, rC-
                  | rN++ Dex+4}
  1689 | D:3      | Reached XP level 5. HP: 29/38 MP: 6/6
  2031 | D:3      | Noticed Jessica
  2038 | D:3      | Killed Jessica
  2039 | D:3      | Reached skill level 6 in Crossbows
  2594 | D:4      | Reached XP level 6. HP: 26/44 MP: 6/8
  2625 | D:4      | Noticed a black bear
  2637 | D:4      | Slain by a black bear

Illustrated notes

Levels and vault maps discovered:
D:1:      ncdulo_halloftheorcs, layout_basic, ebering_ecumenical_altar_mist
D:2:      layout_rooms
D:3:      layout_rooms, chequers_serial_rivers_large_b, uniq_jessica
D:4:      layout_loops_cross, nicolae_qazlal_scattered_showers,
          grunt_ministairs_3

Skill      XL: |  1  2  3  4  5 |
---------------+----------------+-----
Crossbows      | 5 6 |  6.5
Invocations    | 1 2 |  2.9
Fighting       | |  2.1
Dodging        | |  1.7
Stealth        | |  1.2

Action                   |  1- 3 |  4- 6 || total
-------------------------+-------+-------++-------
 Fire: Hand crossbow     |    73 |   151 ||   224
Invok: Heroism           |       |     1 ||     1
 Abil: Dig               |     1 |       ||     1
  Use: Potion            |       |     4 ||     4
Armor: Leather armour    |     3 |     3 ||     6
       Ring mail         |       |    33 ||    33
Dodge: Dodged            |     5 |    54 ||    59
Block: Buckler           |       |    19 ||    19

Table legend: (Time is in decaauts)
 A = Elapsed time spent in this place.
 B = Non-inter-level travel time spent in this place.
 C = Inter-level travel time spent in this place.
 D = Time resting spent in this place.
 E = Time spent auto-exploring this place.
 F = Levels seen in this place.
 G = Mean time per level.
                   A        B        C        D        E       F      G
               +--------+--------+--------+--------+--------+-----+--------+
         Total |   2731 |   2682 |     49 |    217 |   1693 |   4 |  682.8 |
       Dungeon |   2731 |   2682 |     49 |    217 |   1693 |   4 |  682.8 |
               +--------+--------+--------+--------+--------+-----+--------+

Top non-repeatable levels by time:
     D:3: 950 daAuts
     D:2: 807 daAuts
     D:1: 570 daAuts
     D:4: 403 daAuts
